AoeStats
← FrAnKsnBeAnS670

Arabian Desert

510466630Analyzed
1v1 RM · 2d ago on Oct 1, 2026· 19m 42s· 2 players
Game mode
Random Map
Map size
Tiny (2 player)
Population
200
Speed
Normal
Resources
Standard
Victory
Conquest
Starting age
Dark Age
Ending age
Imperial Age
RankedLock teamsTeams togetherTeam positionsShared explorationLock speedFull tech treeHidden civsTurbo modeCheats
Victory
Defeat
🇨🇴 Aztecs · Colombia
431
+8
🇺🇸 Varangians · United States
246
-8
FrAnKsnBeAnS670
0:30 Loom
12:26 Feudal Age
13:39 Town Watch
18:10 Wheelbarrow
cristiancarterdc
10:11 Loom
12:32 Feudal Age
19:26 Castle Age
18:34 Double-Bit Axe
18:45 Gold Mining
19:02 Man-at-Arms
Connection lost

Rejoining the realm…

Still unreachable

The connection could not be restored.

Session expired

The server has moved on; the page needs a fresh start.